 Dungeon Crawl Stone Soup version 0.21.1-1-g345015f (webtiles) character file.

1213 raistware the Ducker (level 8, -2/42 HPs)
             Began as a Spriggan Berserker on Mar 24, 2018.
             Was an Elder of Trog.
             Splashed by a jelly's acid (9 damage)
             ... on level 5 of the Dungeon.
             The game lasted 00:20:20 (5072 turns).

raistware the Ducker (Spriggan Berserker)           Turns: 5072, Time: 00:20:20

Health: -2/42      AC:  2    Str: 14    XL:     8   Next: 22%
Magic:  9/9        EV: 23    Int:  9    God:    Trog [****..]
Gold:   247        SH:  0    Dex: 16    Spells: 7/7 levels left

rFire    . . .     SeeInvis +   a - +1 hand axe
rCold    . . .     Gourm    .   (shield restricted)
rNeg     . . .     Faith    .   b - +0 animal skin
rPois    .         Spirit   .   (helmet restricted)
rElec    .         Reflect  .   l - +1 cloak {MR+}
rCorr    .         Harm     .   (gloves unavailable)
MR       ++...                  (boots unavailable)
Stlth    +.........             (no amulet)
HPRegen  0.14/turn              g - ring of flight
MPRegen  0.11/turn              (no ring)

@: corroded, berserk cooldown, very quick
A: very small, unfitting armour, yellow scales 1, see invisible, herbivore,
speed 3, sense surroundings 1, slow metabolism 2
a: Berserk, Trog's Hand, Brothers in Arms, Burn Spellbooks, Renounce Religion,
Evoke Flight


You were on level 5 of the Dungeon.
You worshipped Trog.
Trog was greatly pleased with you.
You were very hungry.

You visited 1 branch of the dungeon, and saw 5 of its levels.
You also visited: Sewer.

You collected 247 gold pieces.

Inventory:

Hand Weapons
 a - a +1 hand axe (weapon)
 p - a +0 blowgun
 x - a +0 hand axe
Missiles
 j - 7 tomahawks (quivered)
 o - 33 poisoned needles
Armour
 b - a +0 animal skin (worn)
 l - a +1 cloak of magic resistance (worn)
Jewellery
 g - a ring of flight (left hand)
Wands
 f - a wand of digging (19)
 t - a wand of iceblast (5)
Scrolls
 e - 2 scrolls of random uselessness
 h - 3 scrolls of remove curse {unknown}
 i - a scroll of magic mapping {unknown}
 k - 2 scrolls of immolation {unknown}
 n - 2 scrolls of enchant weapon
 u - 5 scrolls of identify {unknown}
 w - a scroll of enchant armour {unknown}
 z - a scroll of fear {unknown}
Potions
 d - 3 potions of flight
 m - 7 potions of curing
 q - 2 potions of brilliance
 r - 3 potions of heal wounds {unknown}
 v - a potion of agility
Books
 s - a book of Changes

   Spells                             Type                      Level
   a - Beastly Appendage              Transmutation                1
   b - Sticks to Snakes               Transmutation                2
   c - Spider Form                    Transmutation/Poison         3
   d - Ice Form                       Ice/Transmutation            4
   e - Blade Hands                    Transmutation                5
   Trog disapproves of the use of such an item.
 y - a book of Cantrips

   Spells                             Type                      Level
   a - Confusing Touch                Hexes                        1
   b - Animate Skeleton               Necromancy                   1
   c - Summon Small Mammal            Summoning                    1
   d - Apportation                    Translocation                1
   Trog disapproves of the use of such an item.
Comestibles
 c - 5 rations


   Skills:
 + Level 4.3 Fighting
 + Level 7.0 Axes
 + Level 7.3 Dodging


You had 7 spell levels left.
You didn't know any spells.

Dungeon Overview and Level Annotations

Branches:
Dungeon (5/15)
 Temple: D:4-7

Altars:


Innate Abilities, Weirdness & Mutations

You are very small and have problems with some larger weapons.
You are too small for most types of armour.
You have supernaturally acute eyesight. (SInv)
You are a herbivore.
You cover ground extremely quickly.
You need consume almost no food.
You are partially covered in yellow scales. (AC +2)
You passively map a small area around you.


Message History

The crimson imp blinks!
You miss the crimson imp.
The crimson imp hits you but does no damage.
You barely miss the crimson imp. The crimson imp completely misses you.
You closely miss the crimson imp. The crimson imp completely misses you.
You hit the crimson imp.
The crimson imp is heavily wounded.
You hit the jelly. The acid corrodes you!
Your hands burn!
* * * LOW HITPOINT WARNING * * *
The crimson imp hits you but does no damage.
The jelly misses you.
You closely miss the crimson imp.
The crimson imp is moderately wounded.
You hit the jelly but do no damage.
Your hands burn!
* * * LOW HITPOINT WARNING * * *
The crimson imp hits you but does no damage.
The jelly hits you.
* * * LOW HITPOINT WARNING * * *
The acid corrodes you!
You are splashed with acid!
The acid burns!
You die...

#.##.# ##.## #.##.###
**#.... #(.....#*
#.......#
####.#....##...#.#####
####.####.... #.
#.....[.#..## #
#.....<....# *
#..(..5.##...
#....@J.# * #.......#
#.......# #########


You could see a jelly and a crimson imp.

Vanquished Creatures
  A sky beast (D:5)
  An ogre (D:5)
  A centaur (D:5)
  The ghost of TheNamelessOne the Firebug, an amateur DsFE (D:3)
  4 big kobolds (Sewer)
  A scorpion (D:4)
  A howler monkey (D:4)
  A jelly (D:5)
  Crazy Yiuf (D:2)
  A centaur skeleton (D:4)
  Jessica (D:3)
  Terence (D:2)
  A worker ant (D:5)
  3 gnolls (D:4)
  11 adders
  9 river rats
  2 shadow imps (D:5)
  An ooze (D:2)
  An adder zombie (D:5)
  3 worms
  3 dart slugs
  5 leopard geckos
  9 orcs
  4 giant cockroaches
  9 goblins
  4 hobgoblins
  20 kobolds
  2 quokkas
  4 ball pythons (Sewer)
  5 bats
  7 frilled lizards
  24 rats
142 creatures vanquished.

Notes
Turn   | Place    | Note
-------+----------+-------------------------------------------
     0 | D:1      | raistware the Spriggan Berserker began the quest for the Orb.
     0 | D:1      | Reached XP level 1. HP: 11/11 MP: 2/2
     2 | D:1      | Noticed an octopode
     4 | D:1      | Noticed a dwarf
     6 | D:1      | Noticed a spriggan
     8 | D:1      | Noticed a troll
     8 | D:1      | Noticed a demigod
    10 | D:1      | Noticed a halfling
    10 | D:1      | Noticed a minotaur
    12 | D:1      | Noticed a merfolk
    12 | D:1      | Noticed a naga
    14 | D:1      | Noticed a vine stalker
    14 | D:1      | Noticed a gargoyle
    16 | D:1      | Noticed a tengu
    18 | D:1      | Noticed an ogre
    18 | D:1      | Noticed a draconian
    20 | D:1      | Noticed a human
    20 | D:1      | Noticed a demonspawn
    22 | D:1      | Noticed a formicid
    22 | D:1      | Noticed a centaur
    24 | D:1      | Noticed an elf
    24 | D:1      | Noticed a felid
    26 | D:1      | Noticed a ghoul
    26 | D:1      | Noticed a vampire
    64 | D:1      | Reached XP level 2. HP: 10/16 MP: 3/3
   952 | D:2      | Noticed Terence
   965 | D:2      | Killed Terence
   965 | D:2      | Reached XP level 3. HP: 19/19 MP: 4/4
   991 | D:2      | Found a runed door.
  1023 | D:2      | Noticed Crazy Yiuf
  1032 | D:2      | Killed Crazy Yiuf
  1032 | D:2      | Reached XP level 4. HP: 24/24 MP: 5/5
  1352 | D:2      | Reached ** piety under Trog
  2055 | D:3      | Reached XP level 5. HP: 26/28 MP: 6/6
  2238 | D:3      | Gained mutation: You are partially covered in yellow scales. (AC +2) [potion of mutation]
  2238 | D:3      | Gained mutation: You passively map a small area around you. [potion of mutation]
  2309 | D:3      | Noticed Jessica
  2314 | D:3      | Killed Jessica
  2314 | D:3      | Reached skill level 5 in Dodging
  2358 | D:3      | Noticed TheNamelessOne's ghost (amateur DsFE)
  2402 | D:3      | Killed TheNamelessOne's ghost
  2402 | D:3      | Reached XP level 6. HP: 17/32 MP: 7/7
  2507 | D:3      | Found a glowing drain.
  2533 | Sewer    | Entered a sewer
  2785 | Sewer    | Reached *** piety under Trog
  3037 | Sewer    | Reached skill level 5 in Axes
  3768 | Sewer    | Reached XP level 7. HP: 37/37 MP: 8/8
  3768 | Sewer    | Reached **** piety under Trog
  4723 | D:5      | Entered Level 5 of the Dungeon
  4816 | D:5      | Reached XP level 8. HP: 26/42 MP: 9/9
  5072 | D:5      | Splashed by a jelly's acid

Skill      XL: |  1  2  3  4  5  6  7  8 |
---------------+-------------------------+-----
Axes           | 3 4 5 6 7 |  7.0
Fighting       | 3 4 |  4.3
Dodging        | 5 6 7 |  7.3

Action                   |  1- 3 |  4- 6 |  7- 9 || total
-------------------------+-------+-------+-------++-------
Melee: Hand axe          |    65 |   297 |   174 ||   536
Throw: Tomahawk          |     3 |    28 |       ||    31
Invok: Berserk           |     2 |     4 |     3 ||     9
       Trog's Hand       |       |     1 |       ||     1
  Use: Potion            |       |     6 |     3 ||     9
       Scroll            |       |       |     2 ||     2
 Stab: Sleeping          |     2 |       |     1 ||     3
       Distracted        |       |     1 |       ||     1
  Eat: Ration            |       |     3 |     2 ||     5
Armor: Animal skin       |     3 |    37 |    21 ||    61
Dodge: Dodged            |    42 |   286 |   155 ||   483
